 Dungeon Crawl Stone Soup version 0.28-a0-1510-gd0f6b136d3 (webtiles) character file.

Game seed: 1516324401344450164

2461 Hasart the Insei (level 9, -2/58 HPs)
             Began as an Octopode Transmuter on Jan 14, 2022.
             Was an Initiate of Gozag.
             Slain by an orc warrior (5 damage)
             ... on level 6 of the Dungeon.
             The game lasted 00:21:44 (7162 turns).

Hasart the Insei (Octopode Transmuter)              Turns: 7162, Time: 00:21:45

Health: -2/58      AC:  6    Str:  9    XL:     9   Next: 50%
Magic:  12/15      EV: 23    Int: 20    God:    Gozag
Gold:   268        SH:  0    Dex: 23    Spells: 4/17 levels left

rFire   . . .      SeeInvis .     - Unarmed
rCold   . . .      Faith    .   (shield currently unavailable)
rNeg    . . .      Spirit   .   (helmet currently unavailable)
rPois   x          Reflect  .   (no amulet)
rElec   .          Harm     .   c - +6 ring of dexterity
rCorr   .          Rampage  .   h - +4 ring of protection
Will    .....                   (no ring)
Stlth   ++........              (no ring)
HPRegen 0.19/turn               (no ring)
MPRegen 0.14/turn               (no ring)
                                (no ring)
                                (no ring)

@: spider-form, wereblooded, gold aura
A: venomous fangs, almost no armour, (amphibious), 8 rings, tiny, (camouflage
1), (gelatinous body 1), (nimble swimmer 1), (tentacles)
a: End Transformation, Renounce Religion, Potion Petition, Call Merchant, Bribe
Branch


You were on level 6 of the Dungeon.
You worshipped Gozag.
Gozag was aware of your devotion.
You were a venomous arachnid creature.
You visited 2 branches of the dungeon, and saw 7 of its levels.
You also visited: Sewer.

You collected 307 gold pieces.
You paid 39 gold pieces to Gozag.

Inventory:

Missiles
 a - 8 boomerangs (quivered)
Jewellery
 c - a +6 ring of dexterity (left front leg)
 h - a +4 ring of protection (right front leg)
Wands
 v - a wand of acid (5)
Scrolls
 b - 5 scrolls of identify {unknown}
 e - 2 scrolls of magic mapping {unknown}
 g - 2 scrolls of enchant armour {unknown}
 k - 2 scrolls of teleportation {unknown}
 o - 4 scrolls of fog {unknown}
 p - 2 scrolls of noise {unknown}
 u - a scroll of vulnerability {unknown}
Potions
 d - a potion of mutation {unknown}
 f - a potion of attraction {unknown}
 i - 2 potions of haste {unknown}
 j - 2 potions of curing {unknown}
 l - a potion of cancellation {unknown}
 m - a potion of invisibility {unknown}
 n - a potion of resistance {unknown}
 q - a potion of might {unknown}
 r - 2 potions of heal wounds {unknown}
 s - a potion of lignification {unknown}
 t - a potion of berserk rage {unknown}
 w - a potion of experience {unknown}
 x - a potion of magic {unknown}


   Skills:
 + Level 4.2 Fighting
 + Level 4.2 Throwing
 + Level 4.6 Dodging
 * Level 6.8 Unarmed Combat
 + Level 4.5 Spellcasting
 + Level 4.6 Transmutations
 + Level 2.8 Ice Magic
 + Level 3.5 Poison Magic
 + Level 1.4 Evocations


You had 4 spell levels left.
You knew the following spells:

 Your Spells              Type           Power      Damage    Failure   Level
a - Beastly Appendage     Tmut           46%        N/A       8%          1
b - Wereblood             Tmut           23%        N/A       10%         2
c - Spider Form           Tmut/Pois      20%        N/A       19%         3
d - Ice Form              Ice/Tmut       19%        N/A       47%         4
q - Ozocubu's Armour      Ice            16%        N/A       26%         3

Your spell library contained the following spells:

 Spells                   Type           Power      Damage    Failure   Level
 Dazzling Flash           Conj/Hex       8%         N/A       58%         3
 Iskenderun's Mystic Bla  Conj/Tloc      4%         2d3       90%         4
 Metabolic Englaciation   Hex/Ice        5%         N/A       96%         5
 Simulacrum               Ice/Necr       5%         N/A       100%        6
 Starburst                Conj/Fire      2%         6d3       100%        6


Dungeon Overview and Level Annotations

Branches:
Dungeon (6/15)             Temple (1/1) D:5           Sewer (visited)

Altars:
Ashenzari
Cheibriados
Dithmenos
Elyvilon
Fedhas
Gozag
Hepliaklqana
Nemelex Xobeh
Qazlal
Ru
Sif Muna
Uskayaw
Vehumet
Yredelemnul
Zin

Shops:
D:2 =(:[   D:3 *

Annotations:
D:6 1 runed translucent door, Crazy Yiuf


Innate Abilities, Weirdness & Mutations

You are a venomous arachnid creature.
You have poisonous fangs.
You are tiny and dextrous.
Your spellcasting is less reliable in this form.
Your armour is entirely melded.
You are incapable of wielding weapons or throwing items.
You cannot wear most types of armour.
((You are amphibious.))
You can wear up to eight rings at the same time.
((Your skin changes colour to match your surroundings (Stealth+).))
((Your rubbery body absorbs attacks. (AC +1, EV +1)))
((You are camouflaged when in or above water. (Stealth+)))
((You have tentacles for arms and can constrict up to eight enemies at once.))


Message History

The centaur closely misses you.
The centaur kicks you but does no damage.
You hit the orc warrior.
The orc warrior looks as sick as possible!
The orc warrior is heavily wounded.
The orc warrior hits you with a +0 dire flail!
The centaur closely misses you. x2
You completely miss the centaur.
The centaur is moderately wounded.
The centaur misses you. The centaur completely misses you.
The orc warrior completely misses you.
You hit the orc warrior.
The orc warrior looks as sick as possible!
The orc warrior is heavily wounded.
You hiss as the wereblood boils in your veins!
The centaur completely misses you. The centaur kicks you.
The orc warrior misses you. The centaur closely misses you. x2
You hit the orc warrior but do no damage.
The orc warrior is severely wounded.
The centaur closely misses you. The centaur completely misses you.
The orc warrior hits you with a +0 dire flail!
* * * LOW HITPOINT WARNING * * *
You hit the orc warrior but do no damage.
The orc warrior looks as sick as possible!
The orc warrior is severely wounded.
The centaur hits you.
* * * LOW HITPOINT WARNING * * *
The centaur completely misses you.
The orc warrior hits you with a +0 dire flail.
* * * LOW HITPOINT WARNING * * *
You hit the orc warrior but do no damage.
The orc warrior is severely wounded.
The centaur completely misses you. The centaur barely misses you.
The centaur completely misses you. The centaur closely misses you.
Unknown command.
You hit the centaur.
The centaur is severely wounded.
The orc warrior hits you with a +0 dire flail.
You die...
Your body crumbles into a pile of gold.

.......# ##. ......#
##.. ......## ##..
........ ####..#######
<.....# #......##...##
......#
#####.#..........## #
g.....#
..................####
g?...##
######.........)....)...
....##
#.....cs.......)....####
#####
#......o#..........##
#.......##...##...##
#.....:.###########
#########


You could see an orc warrior (extremely poisoned) and a centaur (very poisoned).

Vanquished Creatures
  Sigmund (D:5)
  Edmund (D:4)
  2 orc warriors (D:6)
  3 necrophages (D:5)
  A centaur (D:6)
  2 ogres
  5 bullfrogs
  A water moccasin skeleton (D:5)
  8 wights
  A howler monkey (D:4)
  A bullfrog zombie (D:5)
  A hound (D:6)
  A gnoll shaman (D:5)
  A centaur skeleton (D:5)
  2 orc priests (D:6)
  Terence (D:3)
  2 iguanas (D:6)
  6 orc wizards
  A hound zombie (D:5)
  8 gnolls
  2 river rats (Sewer)
  14 adders
  A white imp (D:6)
  An adder skeleton (D:4)
  A worm (D:3)
  2 dart slugs
  10 orcs
  22 ball pythons
  3 endoplasms
  A giant cockroach (D:1)
  9 goblins
  5 hobgoblins
  2 jackals (D:1)
  3 quokkas
  6 bats
  3 frilled lizards
  3 kobolds
  27 rats
164 creatures vanquished.

Vanquished Creatures (others)
  4 plants (D:2)
4 creatures vanquished.

Grand Total: 168 creatures vanquished

Notes
Turn   | Place    | Note
-------+----------+-------------------------------------------
     0 | D:1      | Hasart the Octopode Transmuter began the quest for the Orb.
     0 | D:1      | Reached XP level 1. HP: 13/13 MP: 3/3
   336 | D:1      | Reached XP level 2. HP: 7/18 MP: 5/5
   339 | D:1      | Learned a level 2 spell: Wereblood
   756 | D:1      | Found a faded altar of an unknown god.
   756 | D:1      | Noticed an eye of devastation
   850 | D:1      | Noticed a floating eye
   854 | D:1      | Noticed a shining eye
   854 | D:1      | Noticed a shining eye
   921 | D:1      | You fall into a shaft and drop 1 floor!
   929 | D:2      | Found Dowa's Antique Armour Shop.
   960 | D:2      | Reached XP level 3. HP: 15/23 MP: 6/6
  1084 | D:2      | Found Imehaac's Book Boutique.
  1305 | D:2      | Found Baschuem's Antique Weapon Boutique.
  1318 | D:2      | Reached skill level 1 in Throwing
  1349 | D:2      | Found Kuulyxid's Jewellery Emporium.
  1664 | D:2      | Reached XP level 4. HP: 28/28 MP: 7/7
  1988 | D:3      | Reached XP level 5. HP: 15/34 MP: 5/8
  2023 | D:3      | Reached skill level 4 in Unarmed Combat
  2029 | D:3      | Found Aniq's General Store.
  2255 | D:3      | Found a glowing drain.
  2266 | Sewer    | Entered a sewer
  2425 | Sewer    | Reached XP level 6. HP: 39/39 MP: 10/10
  2724 | D:3      | Found a broken altar of Ashenzari.
  2756 | D:3      | Reached XP level 7. HP: 29/45 MP: 11/11
  3291 | D:3      | Noticed Terence
  3303 | D:3      | Killed Terence
  3520 | D:4      | Reached skill level 5 in Unarmed Combat
  3856 | D:4      | Learned a level 3 spell: Ozocubu's Armour
  3860 | D:4      | Learned a level 3 spell: Spider Form
  3876 | D:4      | Noticed Edmund
  3908 | D:4      | Killed Edmund
  4101 | D:4      | Reached skill level 1 in Poison Magic
  4103 | D:4      | Reached XP level 8. HP: 26/52 MP: 11/13
  4412 | D:4      | Reached skill level 1 in Ice Magic
  5249 | D:5      | Entered Level 5 of the Dungeon
  5529 | D:5      | Reached skill level 6 in Unarmed Combat
  5787 | D:5      | Noticed Sigmund
  5796 | D:5      | Killed Sigmund
  5797 | D:5      | Reached XP level 9. HP: 58/58 MP: 11/15
  5844 | D:5      | Found a staircase to the Ecumenical Temple.
  5853 | Temple   | Entered the Ecumenical Temple
  5861 | Temple   | Became a worshipper of Gozag Ym Sagoz the Greedy
  6698 | D:5      | Learned a level 4 spell: Ice Form
  6842 | D:6      | Found a runed translucent door.
  6843 | D:6      | Noticed Crazy Yiuf
  6935 | D:6      | Found a sacrificial altar of Ru.
  7019 | D:6      | Reached skill level 1 in Evocations
  7162 | D:6      | Slain by an orc warrior

Illustrated notes

Levels and vault maps discovered:
D:1:      dpeg_arrival_erosion, layout_loops_ring,
          hellmonk_ecumenical_altar_watching_god
D:2:      layout_loops_corners, serial_shops, shop,
          nicolae_shop_advertising_works [nicolae_subvault_shop_adworks], shop,
          nicolae_shop_waterfront, minmay_shallow_snake_nest
D:3:      layout_loops_ring, nicolae_ashenzari_skybound, serial_shops,
          nicolae_lakefront_shop, cheibrodos_sewer_entry_sluice, hex_tiny,
          uniq_terence
D:4:      layout_basic, nrook_mini_vaults, uniq_edmund
D:5:      layout_loops_cross, minmay_temple_entry_statues_pillars, uniq_sigmund,
          uniq_ijyb
D:6:      layout_rooms, mainiacjoe_overflow_six_doors_small, uniq_eustachio,
          uniq_crazy_yiuf_cottage
Temple:   nicolae_temple_x_marks_the_god

Skill      XL: |  1  2  3  4  5  6  7  8  9 |
---------------+----------------------------+-----
Throwing       | 1 2 3 4 |  4.2
Unarmed Combat | 4 5 6 |  6.8
Fighting       | 2 3 4 |  4.2
Dodging        | 3 4 |  4.6
Spellcasting   | 3 4 |  4.5
Transmutations | 3 4 |  4.6
Poison Magic   | 1 2 3 |  3.5
Ice Magic      | 2 |  2.8
Evocations     | 1 |  1.4

Action                   |  1- 3 |  4- 6 |  7- 9 || total
-------------------------+-------+-------+-------++-------
Melee: Unarmed           |    83 |   104 |   245 ||   432
       Constrict         |    25 |    29 |    44 ||    98
       Kick              |     2 |    27 |    47 ||    76
       Tentacles         |    15 |    31 |    46 ||    92
       Punch             |     4 |     2 |    13 ||    19
Throw: Boomerang         |       |       |    40 ||    40
 Cast: Beastly Appendage |     1 |     7 |    19 ||    27
       Wereblood         |       |     5 |     6 ||    11
       Spider Form       |       |       |    10 ||    10
       Ozocubu's Armour  |       |       |     2 ||     2
 Stab: Sleeping          |     7 |     3 |     4 ||    14
Armor: Skin              |     9 |    25 |    48 ||    82
Dodge: Dodged            |    54 |    84 |   178 ||   316

Table legend: (Time is in decaauts)
 A = Elapsed time spent in this place.
 B = Non-inter-level travel time spent in this place.
 C = Inter-level travel time spent in this place.
 D = Time resting spent in this place.
 E = Time spent auto-exploring this place.
 F = Levels seen in this place.
 G = Mean time per level.
                   A        B        C        D        E       F      G
               +--------+--------+--------+--------+--------+-----+--------+
         Total |   7135 |   6930 |    205 |   1484 |   3850 |   8 |  891.9 |
       Dungeon |   6697 |   6500 |    197 |   1484 |   3656 |   6 | 1116.2 |
        Temple |     16 |      8 |      8 |      0 |      0 |   1 |   16.0 |
         Sewer |    421 |    421 |      0 |      0 |    194 |   1 |  421.0 |
               +--------+--------+--------+--------+--------+-----+--------+

Top non-repeatable levels by time:
     D:3: 1833 daAuts
     D:4: 1244 daAuts
     D:5: 1134 daAuts
     D:2: 1022 daAuts
     D:1: 918 daAuts
     D:6: 544 daAuts
   Sewer: 421 daAuts
  Temple: 16 daAuts
